 Dungeon Crawl Stone Soup version 0.31-a0-885-gbe960a18b5 (console) character file.

Game seed: 3418566905224393369

147 Nuuskmuik the Slasher (level 5, -1/41 HPs)
             Began as a Merfolk Gladiator on Oct 16, 2023.
             Slain by an orc wizard
             ... wielding a +0 dagger
              (2 damage)
             ... on level 4 of the Dungeon.
             The game lasted 00:08:03 (2999 turns).

Nuuskmuik the Slasher (Merfolk Gladiator)           Turns: 2999, Time: 00:08:04

Health: -1/41      AC:  4    Str: 14    XL:     5   Next: 29%
Magic:  5/5        EV: 14    Int:  7    God:
Gold:   149        SH:  0    Dex: 18    Spells: 4/4 levels left

rFire   . . .        a - +0 long sword
rCold   . . .        (no shield)
rNeg    . . .        b - +0 leather armour
rPois   .            c - +0 helmet
rElec   .            (no cloak)
rCorr   .            (no gloves)
SInv    .            (no boots)
Will    .....        y - amulet of the acrobat
Stlth   ++           (no ring)
HPRegen 0.26/turn    (no ring)
MPRegen 0.09/turn

%: acrobat
@: attractive
A: (nimble swimmer 2), mertail
a: no special abilities


You were on level 4 of the Dungeon.
You visited 1 branch of the dungeon, and saw 4 of its levels.

You collected 149 gold pieces.

Inventory:

Hand Weapons
 a - a +0 long sword (weapon)
 q - a +2 dagger of venom
Missiles
 d - 4 throwing nets
 e - a javelin
 t - 3 boomerangs (quivered)
Armour
 b - a +0 leather armour (worn)
 c - a +0 helmet (worn)
Jewellery
 y - an amulet of the acrobat (around neck)
Wands
 x - a wand of quicksilver (11)
Scrolls
 f - 2 scrolls of teleportation {unknown}
 g - a scroll of silence {unknown}
 h - a scroll of amnesia {unknown}
 m - 2 scrolls of blinking
 n - a scroll of summoning
 s - a scroll of noise {unknown}
 u - a scroll of fear {unknown}
 v - a scroll of vulnerability {unknown}
Potions
 j - 2 potions of resistance
 k - 2 potions of haste
 o - a potion of lignification {unknown}
 p - a potion of curing {unknown}
 r - a potion of invisibility {unknown}
 w - a potion of mutation {unknown}
 z - a potion of ambrosia {unknown}


   Skills:
 + Level 3.2 Fighting
 * Level 5.2 Long Blades
 - Level 2.0 Throwing
 + Level 4.9 Dodging
 + Level 2.3 Stealth


You had 4 spell levels left.
You didn't know any spells.
Your spell library contained the following spells:

 Spells                   Type           Power      Damage    Failure   Level
 Summon Small Mammal      Summ           0%         N/A       52%         1
 Call Canine Familiar     Summ           0%         N/A       87%         3
 Summon Guardian Golem    Hex/Summ       0%         N/A       87%         3


Dungeon Overview and Level Annotations

Branches:
Dungeon (4/15)
 Temple: D:4-7

Altars:
Elyvilon


Innate Abilities, Weirdness & Mutations

((You are very nimble when in or above water. (Stealth+, EV+, Speed+++)))
Your lower body shifts to a powerful aquatic tail in water.


Message History

The orc wizard closely misses you.
The orc wizard points at you and mumbles some strange words.
The magic dart hits you!
You closely miss the orc wizard.
The orc wizard is heavily wounded.
The orc wizard points at you and mumbles some strange words.
You are confused.
Okay, then.
Unknown command.
Unknown command.
You hit the orc wizard.
The orc wizard is almost dead.
The orc wizard hits you with a +0 dagger.
You closely miss the orc wizard.
The orc wizard is almost dead.
The orc wizard barely misses you.
You bump into the rock wall.
The orc wizard misses you. The orc wizard casts a spell at you.
The magic dart hits you!
You see here a +0 war axe.
You bump into the rock wall.
You miss the orc wizard.
The orc wizard is almost dead.
You feel less confused.
The orc wizard points at you and mumbles some strange words.
The magic dart hits you!
* * * LOW HITPOINT WARNING * * *
Unknown command.
You completely miss the orc wizard.
The orc wizard is almost dead.
The orc wizard closely misses you.
You hit the orc wizard.
The orc wizard is almost dead.
The orc wizard casts a spell at you. The magic dart hits you!
* * * LOW HITPOINT WARNING * * *
It was a potion of attraction.
You feel attractive to monsters.
The orc wizard hits you with a +0 dagger.
You die...

##### ##.... ##>....
#...... #......
####################......
.......oo@................
#######o###.......#.......
#.# #...#...###..... #.#
#...#...##...... #o#
#...#...##...... #o#
#...#...##...... ...
#.#.#.#......... ...
...###..[......< #(.....
#.....#.....


You could see an orc wizard and 2 orcs.

Vanquished Creatures
  3 gnolls (D:3)
  2 adders (D:3)
  A worm (D:2)
  A dart slug (D:1)
  5 orcs
  5 ball pythons
  3 bats
  8 endoplasms
  13 giant cockroaches
  9 goblins
  8 hobgoblins
  2 quokkas
  6 frilled lizards
  11 kobolds
  8 rats
85 creatures vanquished.

Notes
Turn   | Place    | Note
-------+----------+-------------------------------------------
     0 | D:1      | Nuuskmuik the Merfolk Gladiator began the quest for the
                  | Orb.
     0 | D:1      | Reached XP level 1. HP: 16/16 MP: 1/1
   196 | D:1      | Reached XP level 2. HP: 23/23 MP: 2/2
   373 | D:1      | Reached skill level 4 in Long Blades
   462 | D:1      | Reached skill level 1 in Stealth
   666 | D:2      | Reached XP level 3. HP: 27/28 MP: 3/3
  1284 | D:2      | Reached XP level 4. HP: 23/34 MP: 4/4
  2002 | D:3      | Reached skill level 5 in Long Blades
  2070 | D:3      | Reached XP level 5. HP: 33/41 MP: 5/5
  2131 | D:3      | Found a white marble altar of Elyvilon.
  2998 | D:4      | HP: 1/41 [orc wizard/magic dart (10)]
  2999 | D:4      | Slain by an orc wizard

Illustrated notes

Levels and vault maps discovered:
D:1:      psy_arrival_statuary, layout_loops_ring, serial_glass,
          glass_columns_a, glass_columns_a, glass_columns_b, glass_columns_c,
          glass_columns_a, glass_columns_b
D:2:      layout_loops_cross, guppyfry_early_orc_mine
D:3:      minmay_roachtagon, layout_basic, elyvilon_altar_3
D:4:      layout_rooms, okawaru_ov_weapons_minmay, serial_shops,
          nicolae_shop_advertising_works [nicolae_subvault_shop_adworks],
          roderic_lattice_a, kennysheep_generic_room_3

Skill      XL: |  1  2  3  4 |
---------------+-------------+-----
Long Blades    | 4 5 |  5.2
Stealth        | 1 2 |  2.3
Fighting       | 3 |  3.2
Throwing       | |  2.0
Dodging        | |  4.9

Action                     |  1- 3 |  4- 6 || total
---------------------------+-------+-------++-------
  Melee: Long sword        |   116 |   110 ||   226
  Throw: Dart              |     2 |     6 ||     8
         Boomerang         |       |    17 ||    17
    Use: Scroll            |     3 |     2 ||     5
         Potion            |       |     1 ||     1
   Stab: Sleeping          |     2 |     4 ||     6
         Distracted        |       |     1 ||     1
 Armour: Leather armour    |    41 |    82 ||   123
  Dodge: Dodged            |    86 |   126 ||   212

Table legend: (Time is in decaauts)
 A = Elapsed time spent in this place.
 B = Non-inter-level travel time spent in this place.
 C = Inter-level travel time spent in this place.
 D = Time resting spent in this place.
 E = Time spent auto-exploring this place.
 F = Levels seen in this place.
 G = Mean time per level.
                   A        B        C        D        E       F      G
               +--------+--------+--------+--------+--------+-----+--------+
         Total |   3030 |   2944 |     86 |     82 |   2213 |   4 |  757.5 |
       Dungeon |   3030 |   2944 |     86 |     82 |   2213 |   4 |  757.5 |
               +--------+--------+--------+--------+--------+-----+--------+

Top non-repeatable levels by time:
     D:3: 1300 daAuts
     D:2: 1017 daAuts
     D:1: 656 daAuts
     D:4: 55 daAuts
